 Dungeon Crawl Stone Soup version 0.13.1-2-gfb2c2b7 (webtiles) character file.

318 Chiseanne the Ducker (level 5, -1/42 HPs)
             Began as a Minotaur Artificer on Dec 8, 2013.
             Slain by a gnoll
             ... wielding a +0,+0 halberd
              (8 damage)
             ... on Level 4 of the Dungeon.
             The game lasted 00:08:42 (3860 turns).

Chiseanne the Ducker (Minotaur Artificer)           Turns: 3860, Time: 00:08:42

HP  -1/42        AC  6     Str 15      XL: 5   Next: 29%
MP   5/5         EV  9     Int 10      God:
Gold 143         SH  0     Dex 11      Spells:  0 memorised,  4 levels left

Res.Fire  : . . .   See Invis. : .   m - +0 war axe
Res.Cold  : + + .   Warding    : +   B - +1 ring mail {rC+}
Life Prot.: + . .   Conserve   : .   (no shield)
Res.Poison: .       Res.Corr.  : .   i - +0 cap
Res.Elec. : .       Clarity    : .   (no cloak)
Sust.Abil.: . .     Spirit.Shd : .   (no gloves)
Res.Mut.  : .       Stasis     : .   (no boots)
Res.Rott. : .       Flight     : .   w - amulet of warding
Saprovore : . . .                    G - ring of protection from cold
                                     h - ring of protection from magic

@: somewhat resistant to hostile enchantments, extremely unstealthy
A: retaliatory headbutt, horns 2
a: no special abilities


You were on level 4 of the Dungeon.
You were not hungry.

You visited 1 branch of the dungeon, and saw 4 of its levels.

You collected 123 gold pieces.

Inventory:

Hand weapons
 m - a +0,+0 war axe (weapon)
 y - a +0 orcish blowgun
Missiles
 o - 19 darts (quivered)
Armour
 i - a +0 cap (worn)
 B - a +1 ring mail of cold resistance (worn)
Magical devices
 b - a wand of flame (15)
 c - a wand of enslavement (15)
 d - a wand of random effects (15)
 x - a wand of confusion (14)
Comestibles
 f - 3 bread rations
 j - a chunk of goblin flesh
 z - a pear
 C - a meat ration
 E - a choko
Scrolls
 a - 2 scrolls of remove curse
 e - a scroll of blinking
 g - a scroll of curse armour {unknown}
 n - a scroll of fear
 q - 3 scrolls of teleportation {unknown}
 s - 2 scrolls of curse weapon {unknown}
 u - 2 scrolls of noise {unknown}
 A - a scroll of amnesia
 D - a scroll of curse jewellery {unknown}
Jewellery
 h - a ring of protection from magic (left hand)
 w - an amulet of warding (around neck)
 G - a ring of protection from cold (right hand)
Potions
 k - a potion of cure mutation {unknown}
 l - a potion of heal wounds {unknown}
 p - 2 potions of curing
 r - a potion of agility
 t - a potion of restore abilities {unknown}
 v - a potion of mutation
Books
 F - a book of War Chants

   Spells                             Type                      Level
   Fire Brand                         Charms/Fire                  2
   Freezing Aura                      Charms/Ice                   2
   Shroud of Golubria                 Charms/Translocation         2
   Repel Missiles                     Charms/Air                   2
   Poison Weapon                      Charms/Poison                3
   Regeneration                       Charms/Necromancy            3


   Skills:
 * Level 2.0 Fighting
   Level 1.1 Short Blades
 * Level 1.7 Axes
 * Level 3.0 Armour
 * Level 3.8 Dodging
 - Level 0.7 Stealth
 * Level 3.6 Evocations


You had 4 spell levels left.
You didn't know any spells.

Dungeon Overview and Level Annotations

Branches:
Dungeon (4/27)
 Temple: D:4-7

Altars:
Ashenzari


Innate Abilities, Weirdness & Mutations

You reflexively headbutt those who attack you in melee.
You have a pair of horns on your head.


Message History

The gnoll is heavily wounded.
The gnoll barely misses you. The gnoll hits you with a spear.
The gnoll hits you with a spear.
You completely miss the gnoll.
The gnoll is heavily wounded.
The gnoll barely misses you. The gnoll closely misses you.
The gnoll hits you from afar with a halberd!
You slash the gnoll!
You kill the gnoll!
Your Armour skill increases to level 3!
The gnoll hits you from afar with a halberd!
Things that are here:
a spear; a gnoll corpse You barely miss the gnoll.
The gnoll hits you with a halberd!
* * * LOW HITPOINT WARNING * * *
The gnoll barely misses you.
You hit the gnoll.
The gnoll is lightly wounded.
The gnoll hits you with a halberd!
You die...

### ##########
#.##
####...@g...#
.#.#
##.##.######.#
#.## ##...#)#
#.######......#
#.............#
##########.####
#.# #.# # #+#


You could see a gnoll.

Vanquished Creatures
  A crimson imp (D:4)
  4 adders
  2 gnolls (D:4)
  A worm (D:2)
  7 orcs (D:4)
  3 ball pythons
  3 giant cockroaches
  11 goblins
  6 hobgoblins
  11 jackals
  5 kobolds
  4 bats
  5 giant newts
  10 rats
73 creatures vanquished.

Notes
Turn   | Place    | Note
--------------------------------------------------------------
     0 | D:1      | Chiseanne, the Minotaur Artificer, began the quest for the Orb.
     0 | D:1      | Reached XP level 1. HP: 17/17 MP: 1/1
   175 | D:1      | Reached skill level 3 in Evocations
   175 | D:1      | Reached XP level 2. HP: 22/24 MP: 2/2
   595 | D:2      | Reached skill level 1 in Axes
   595 | D:2      | Reached skill level 1 in Armour
   595 | D:2      | Reached XP level 3. HP: 25/29 MP: 3/3
  1671 | D:2      | Reached XP level 4. HP: 29/36 MP: 4/4
  2778 | D:3      | Found a shattered altar of Ashenzari.
  3451 | D:4      | Reached XP level 5. HP: 28/42 MP: 4/4
  3860 | D:4      | Slain by a gnoll

Action                   |  1- 3 |  4- 6 || total
-------------------------+-------+-------++-------
Melee: Hand axe          |    93 |    10 ||   103
       Short sword       |     5 |       ||     5
       War axe           |       |    74 ||    74
Evoke: Wand              |       |     2 ||     2
  Use: Scroll            |     8 |     1 ||     9
       Potion            |     2 |       ||     2
